 Dungeon Crawl Stone Soup version 0.26-a0-835-g8259106e14 (webtiles) character file.

Game seed: 4834253970607973085

1572 pablito the Sneak (level 8, 0/52 HPs)
             Began as an Octopode Hedge Wizard on Nov 17, 2020.
             Was a Priest of Yredelemnul.
             Hit by a silver boomerang thrown by an orc warrior (6 damage)
             ... on level 7 of the Dungeon.
             The game lasted 00:52:39 (7884 turns).

pablito the Sneak (Octopode Hedge Wizard)           Turns: 7884, Time: 00:52:40

Health: 0/52       AC:  1    Str: 16    XL:     8   Next: 90%
Magic:  5/13       EV: 20    Int: 17    God:    Yredelemnul [***...]
Gold:   204        SH:  0    Dex: 18    Spells: 2/14 levels left

rFire    . . .     SeeInvis .   n - +2 dagger (elec)
rCold    . . .     Faith    .   (no shield)
rNeg     . . .     Spirit   .   b - +0 hat
rPois    .         Reflect  .   o - amulet of magic regeneration
rElec    .         Harm     .   e - ring of stealth
rCorr    .         Rampage  .   f - ring of protection from magic
MR       +....                  v - +6 ring of dexterity
Stlth    +++++.....             w - +6 ring of strength
HPRegen  0.17/turn              y - +4 ring of evasion
MPRegen  0.38/turn              (no ring)
                                (no ring)
                                (no ring)

@: very slightly contaminated, lightly drained
A: almost no armour, stealthy swim, amphibious, 8 rings, constrict 8, camouflage
1, gelatinous body 1
a: Recall Undead Slaves, Injury Mirror, Animate Dead, Renounce Religion


You were on level 7 of the Dungeon.
You worshipped Yredelemnul.
Yredelemnul was most pleased with you.
You visited 1 branch of the dungeon, and saw 7 of its levels.

You collected 327 gold pieces.
You spent 123 gold pieces at shops.

Inventory:

Hand Weapons
 a - a +0 dagger
 n - a +2 dagger of electrocution (weapon)
Missiles
 d - 28 poisoned darts (quivered)
 t - 2 atropa-tipped darts
Armour
 b - a +0 hat (worn)
Jewellery
 e - a ring of stealth (left tentacle)
 f - a ring of protection from magic (right tentacle)
 o - an amulet of magic regeneration (around mantle)
 v - a +6 ring of dexterity (on tentacle)
 w - a +6 ring of strength (on tentacle)
 y - a +4 ring of evasion (on tentacle)
 B - an uncursed amulet of regeneration {unknown}
Scrolls
 h - a scroll of noise {unknown}
 i - 5 scrolls of identify
 j - 7 scrolls of remove curse
 l - 2 scrolls of amnesia
 m - a scroll of random uselessness {unknown}
 p - 3 scrolls of fear
 q - a scroll of enchant weapon {unknown}
 s - 3 scrolls of teleportation
 z - a scroll of fog {unknown}
 C - a scroll of magic mapping {unknown}
 D - a scroll of vulnerability {unknown}
Potions
 c - 3 potions of curing
 g - 3 potions of might
 k - a potion of brilliance {unknown}
 r - a potion of mutation {unknown}
 u - a potion of magic {unknown}
 x - 2 potions of berserk rage {unknown}
 A - 2 potions of haste {unknown}


   Skills:
 + Level 3.1(3.0) Fighting
 + Level 4.4(4.3) Dodging
 - Level 5.0(4.8) Stealth
 + Level 3.4(3.3) Unarmed Combat
 + Level 3.7(3.6) Spellcasting
 + Level 4.0(3.9) Conjurations
 - Level 2.0(1.9) Summonings
 - Level 4.0(3.8) Translocations
 + Level 3.1(3.0) Transmutations
 + Level 3.4(3.3) Invocations


You had 2 spell levels left.
You knew the following spells:

 Your Spells              Type           Power        Failure   Level
a - Magic Dart            Conj           ###.         3%          1
b - Call Imp              Summ           #.......     12%         2
c - Blink                 Tloc           N/A          4%          2
d - Beastly Appendage     Tmut           ##....       4%          1
e - Spider Form           Tmut/Pois      #.........   26%         3
f - Mephitic Cloud        Conj/Pois/Air  #.......     28%         3

Your spell library contained the following spells:

 Spells                   Type           Power        Failure   Level
 Wereblood                Tmut           ##......     7%          2
 Slow                     Hex            #.......     26%         2
 Conjure Flame            Conj/Fire      #.......     22%         3
 Ice Form                 Ice/Tmut       #.......     65%         4
 Blade Hands              Tmut           ##........   78%         5


Dungeon Overview and Level Annotations

Branches:
Dungeon (7/15)             Temple (0/1) D:5

Altars:
Ashenzari
Dithmenos
Fedhas
Hepliaklqana
Kikubaaqudgha
Makhleb
Nemelex Xobeh
Okawaru
Uskayaw
Yredelemnul

Shops:
D:5 ?   D:7 *

Annotations:
D:6 2 transporters


Innate Abilities, Weirdness & Mutations

You cannot wear most types of armour.
You are very stealthy in the water. (Stealth+)
You are amphibious.
You can wear up to eight rings at the same time.
You can use your tentacles to constrict eight enemies at once.
Your skin changes colour to match your surroundings (Stealth+).
Your rubbery body absorbs attacks. (AC +1, EV +1)


Message History

Casting: Call Imp (safe; 12% risk of failure)
Confirm with . or Enter, or press ? or * to list all spells.
You miscast Call Imp.
You are very lightly contaminated with residual magic.
Nothing appears to happen.
The orc warrior throws a silver boomerang.
The silver boomerang hits your crimson imp!
Your crimson imp dies!
The weapon returns to the orc warrior!
Casting: Call Imp (safe; 12% risk of failure)
Confirm with . or Enter, or press ? or * to list all spells.
A beastly little devil appears in a puff of flame.
The centaur shouts!
The centaur shoots an arrow.
The arrow hits your crimson imp!
Your crimson imp dies!
The orc warrior throws a silver boomerang.
The silver boomerang hits you!
* * * LOW HITPOINT WARNING * * *
You die...
Your body rises from the dead as a mindless zombie.

.....##.# #. 8...8##.# #.
##8# #.#### #. ## #
#....#########. #.
#...........∩.. # #.###
#.##.#########. ..#....
#.##.## #.
.....#.########.#...########.
#...oo(.(@##.......[.[....
#..#.c###(####...########.
#.....# #.# ##.## ##
.......##.# #(# #.# # .####..
#.# #(# #.# ##### #.. ... #.#
#.# #...) #.#
#..##.#####.######)### #.
#..##.)§..........(# # #.
..########.######## #


You could see an orc warrior (poisoned), a centaur and an orc.

Vanquished Creatures
  A black bear (D:7)
  2 sky beasts (D:6)
  An orc warrior (D:6)
  A phantom (D:4)
  A necrophage (D:7)
  2 ogres
  A centaur (D:7)
  A scorpion (D:5)
  4 wights (D:7)
  A jelly (D:7)
  A gnoll shaman (D:6)
  A hound (D:5)
  2 orc priests (D:3)
  2 worker ants
  A hound zombie (D:5)
  2 hound skeletons
  A gnoll (D:6)
  A howler monkey skeleton (D:4)
  9 adders
  2 shadow imps
  2 oozes (D:5)
  An adder skeleton (D:7)
  3 worms
  2 dart slugs
  6 leopard geckos
  10 orcs
  4 giant cockroaches
  11 goblins
  16 hobgoblins
  4 jackals
  5 kobolds
  6 ball pythons
  A ball python skeleton (D:4)
  11 bats
  4 frilled lizards
  A leopard gecko skeleton (D:4)
  A leopard gecko zombie (D:5)
  9 rats
134 creatures vanquished.

Vanquished Creatures (collateral kills)
  Prince Ribbit (D:6)
  A sky beast (D:5)
  A wyvern zombie (D:6)
  A wight (D:7)
  A hound (D:5)
  2 orc wizards (D:5)
  A worker ant (D:4)
  2 gnolls (D:6)
  A shadow imp (D:7)
  2 oozes (D:1)
  An ufetubus (D:6)
  An adder skeleton (D:6)
  A worm (D:6)
  2 leopard geckos
  6 orcs
  A bat (D:2)
  A goblin (D:2)
  A hobgoblin (D:3)
  3 jackals
  A quokka (D:2)
  2 frilled lizards
  A kobold (D:3)
  3 rats (D:2)
37 creatures vanquished.

Vanquished Creatures (others)
  An orc (D:7)
  An adder zombie (D:3)
  2 gnoll zombies (D:6)
  A leopard gecko zombie (D:5)
  2 ogre zombies
  An orc skeleton (D:6)
  4 orc zombies
  A scorpion zombie (D:5)
  A worker ant zombie (D:7)
  A worm zombie (D:6)
  5 plants (D:5)
20 creatures vanquished.

Grand Total: 191 creatures vanquished

Notes
Turn   | Place    | Note
-------+----------+-------------------------------------------
     0 | D:1      | pablito the Octopode Hedge Wizard began the quest for the
                  | Orb.
     0 | D:1      | Reached XP level 1. HP: 11/11 MP: 4/4
   124 | D:1      | Reached XP level 2. HP: 13/17 MP: 1/6
   190 | D:1      | Reached skill level 3 in Stealth
   193 | D:1      | Learned a level 2 spell: Call Imp
   196 | D:1      | Learned a level 2 spell: Blink
   577 | D:1      | Reached XP level 3. HP: 21/21 MP: 2/7
  1171 | D:2      | Learned a level 1 spell: Beastly Appendage
  1225 | D:2      | Reached XP level 4. HP: 27/27 MP: 4/8
  1921 | D:2      | Found an iron altar of Okawaru.
  2135 | D:2      | Found a shadowy altar of Dithmenos.
  2507 | D:3      | Reached XP level 5. HP: 29/31 MP: 5/9
  2546 | D:3      | Found a burning altar of Makhleb.
  2546 | D:3      | Found a faded altar of an unknown god.
  2551 | D:3      | Found a broken altar of Ashenzari.
  2553 | D:3      | Found a faded altar of an unknown god.
  2555 | D:3      | Found an ancient bone altar of Kikubaaqudgha.
  2567 | D:3      | Became a worshipper of Yredelemnul the Dark
  2567 | D:3      | Reached * piety under Yredelemnul
  2682 | D:3      | Reached skill level 1 in Unarmed Combat
  2728 | D:3      | Reached skill level 4 in Stealth
  2733 | D:3      | Found a blossoming altar of Fedhas.
  3567 | D:4      | Found a hazy altar of Hepliaklqana.
  3619 | D:4      | Noticed an ogre
  3636 | D:4      | Killed an ogre
  3637 | D:4      | Reached skill level 1 in Transmutations
  3637 | D:4      | Reached XP level 6. HP: 28/37 MP: 8/10
  3742 | D:4      | Reached ** piety under Yredelemnul
  3820 | D:4      | Noticed a phantom
  3872 | D:4      | Killed a phantom
  3873 | D:4      | Reached skill level 1 in Fighting
  3873 | D:4      | Reached skill level 1 in Invocations
  4248 | D:4      | Found a hide-covered altar of Uskayaw.
  4944 | D:5      | Entered Level 5 of the Dungeon
  4959 | D:5      | Reached XP level 7. HP: 36/43 MP: 11/11
  5379 | D:5      | Found a staircase to the Ecumenical Temple.
  5476 | D:5      | Reached skill level 5 in Stealth
  5560 | D:5      | Found Lineuf's Magic Scroll Emporium.
  5641 | D:5      | Bought a scroll of fear for 45 gold pieces
  5641 | D:5      | Bought a scroll of remove curse for 39 gold pieces
  5641 | D:5      | Bought a scroll of teleportation for 39 gold pieces
  5963 | D:6      | Found a sparkling altar of Nemelex Xobeh.
  6043 | D:6      | Reached XP level 8. HP: 50/50 MP: 12/12
  6078 | D:6      | Noticed Prince Ribbit
  6093 | D:6      | Killed Prince Ribbit
  6142 | D:6      | Reached *** piety under Yredelemnul
  6348 | D:6      | Found a transporter.
  6363 | D:6      | Noticed a kobold demonologist
  6364 | D:6      | Noticed a kobold demonologist
  6412 | D:6      | Found a transporter.
  6737 | D:7      | Found Wien's General Store.
  6823 | D:7      | HP: 2/51 [centaur/arrow (13)]
  7310 | D:7      | Learned a level 3 spell: Spider Form
  7314 | D:7      | Learned a level 3 spell: Mephitic Cloud
  7884 | D:7      | Hit by a silver boomerang thrown by an orc warrior

Illustrated notes

Levels and vault maps discovered:
D:1:      scummos_arrival_hexagon, layout_loops_ring,
          minmay_misc_feat_four_crosses
D:2:      layout_loops_ring, lemuel_coloured_pillars_altar, marbit_many_paths
D:3:      layout_basic, lemuel_doored_altar, chequers_temple_overflow_minitemple
D:4:      layout_cave_pods, kennysheep_mini, old_standard_altar, minmay_vboxes
D:5:      layout_basic, minmay_temple_entry_drinking_statues, serial_shops,
          shop, serial_bayou_crossing
D:6:      gammafunk_wand_slinger, layout_basic, lemuel_crystal_altar,
          uniq_prince_ribbit1
D:7:      layout_loops_ring, nicolae_overflow_hidden_temple, serial_shops, shop

Skill      XL: |  1  2  3  4  5  6  7  8 |
---------------+-------------------------+-----
Stealth        | 3 4 5 |  5.0
Translocations | 2 3 4 |  4.0
Conjurations   | 2 3 4 |  4.0
Summonings     | 2 |  2.0
Unarmed Combat | 1 2 3 |  3.4
Dodging        | 3 4 |  4.4
Transmutations | 1 2 3 |  3.1
Fighting       | 1 2 3 |  3.1
Invocations    | 1 2 3 |  3.4
Spellcasting   | |  3.7

Action                   |  1- 3 |  4- 6 |  7- 9 || total
-------------------------+-------+-------+-------++-------
Melee: Dagger            |    34 |   105 |    76 ||   215
       Constrict         |     7 |    26 |    18 ||    51
       Tentacles         |     5 |     9 |    18 ||    32
       Unarmed           |       |       |     7 ||     7
       Punch             |       |       |     2 ||     2
Throw: Dart              |     7 |       |     5 ||    12
 Cast: Magic Dart        |    44 |    44 |     7 ||    95
       Call Imp          |     4 |    21 |    73 ||    98
       Blink             |       |       |     9 ||     9
       Spider Form       |       |       |     1 ||     1
Invok: Animate Remains   |       |     6 |    11 ||    17
       Animate Dead      |       |       |     4 ||     4
  Use: Scroll            |       |     3 |     4 ||     7
 Stab: Sleeping          |     8 |    11 |     8 ||    27
       Distracted        |       |     1 |     2 ||     3
Armor: Skin              |     1 |     4 |     2 ||     7
Dodge: Dodged            |    20 |    69 |   100 ||   189

Table legend: (Time is in decaauts)
 A = Elapsed time spent in this place.
 B = Non-inter-level travel time spent in this place.
 C = Inter-level travel time spent in this place.
 D = Time resting spent in this place.
 E = Time spent auto-exploring this place.
 F = Levels seen in this place.
 G = Mean time per level.
                   A        B        C        D        E       F      G
               +--------+--------+--------+--------+--------+-----+--------+
         Total |   7978 |   7796 |    182 |    868 |   4889 |   7 | 1139.7 |
       Dungeon |   7978 |   7796 |    182 |    868 |   4889 |   7 | 1139.7 |
               +--------+--------+--------+--------+--------+-----+--------+

Top non-repeatable levels by time:
     D:4: 1396 daAuts
     D:2: 1338 daAuts
     D:6: 1325 daAuts
     D:3: 1200 daAuts
     D:1: 1008 daAuts
     D:5: 889 daAuts
     D:7: 820 daAuts
